AoeStats
← Descenter

Arabia

510318156Analyzed
1v1 RM · 1d ago on Sep 30, 2026· 30m 17s· 2 players
Game mode
Random Map
Map size
Tiny (2 player)
Population
200
Speed
Normal
Resources
Standard
Victory
Conquest
Starting age
Dark Age
Ending age
Imperial Age
RankedLock teamsTeams togetherTeam positionsShared explorationLock speedFull tech treeHidden civsTurbo modeCheats
Victory
Defeat
🇨🇳 Byzantines · China
653
+18
🇦🇺 Poles · Australia
699
-33
Descenter
10:24 Feudal Age
19:02 Castle Age
17:53 Fletching
17:51 Horse Collar
24:56 Bodkin Arrow
nynyny
8:07 Loom
10:45 Feudal Age
11:11 Double-Bit Axe
11:49 Horse Collar
22:01 Castle Age
20:59 Bloodlines
22:15 Pikeman
24:14 Stone Mining
25:17 Scale Barding Armor
25:12 Gold Mining
26:05 Husbandry
27:51 Chain Barding Armor
Connection lost

Rejoining the realm…

Still unreachable

The connection could not be restored.

Session expired

The server has moved on; the page needs a fresh start.